 Dungeon Crawl Stone Soup version 0.17.0-73-gb648821 (webtiles) character file.

46 tof the Firebug (level 3, -17/24 HPs)
             Began as a Human Fire Elementalist on Dec 9, 2015.
             Engulfed by a cloud of flame (19 damage)
             ... on level 2 of the Dungeon.
             The game lasted 00:13:11 (1330 turns).

tof the Firebug (Human Fire Elementalist)           Turns: 1330, Time: 00:13:14

Health: -17/24     AC:  2    Str:  8    XL:     3   Next: 92%
Magic:  1/6        EV: 12    Int: 16    God:
Gold:   67         SH:  0    Dex: 13    Spells: 3 memorised, 0 levels left

rFire  . . .     SeeInvis .     i - +0 spear
rCold  + . .     Clarity  .     a - +0 robe
rNeg   . . .     SustAt   .     (no shield)
rPois  .         Gourm    .     (no helmet)
rElec  .         Spirit   .     (no cloak)
rCorr  .         Warding  .     (no gloves)
rMut   .         Stasis   .     (no boots)
MR     .....                    (no amulet)
Stlth  ++........               (no ring)
                                d - ring of protection from cold

@: lethally poisoned (-17 -> -23), not resistant to hostile enchantments,
unstealthy
A: no striking features
a: no special abilities


You were on level 2 of the Dungeon.
You were not hungry.

You visited 1 branch of the dungeon, and saw 2 of its levels.

You collected 67 gold pieces.

Inventory:

Hand Weapons
 i - a +0 spear (weapon)
Armour
 a - a +0 robe (worn)
Jewellery
 d - a ring of protection from cold (left hand)
Scrolls
 e - a scroll of noise {unknown}
 h - 2 scrolls of blinking {unknown}
 j - a scroll of recharging {unknown}
 l - a scroll of magic mapping {unknown}
 m - a scroll of enchant armour {unknown}
 n - a scroll of teleportation {unknown}
 o - a scroll of remove curse {unknown}
Potions
 k - a potion of heal wounds {unknown}
Books
 b - a book of Flames

   Spells                             Type                      Level
   a - Flame Tongue                   Conjuration/Fire             1
   b - Throw Flame                    Conjuration/Fire             2
   c - Conjure Flame                  Conjuration/Fire             3
   d - Inner Flame                    Hexes/Fire                   3
   e - Sticky Flame                   Conjuration/Fire             4
   f - Fireball                       Conjuration/Fire             5
Comestibles
 c - 3 bread rations
 f - 6 chunks of flesh
 g - a beef jerky


   Skills:
 + Level 0.2 Polearms
 + Level 2.5 Dodging
 + Level 2.3 Stealth
 + Level 2.2 Spellcasting
 + Level 1.2 Conjurations
 + Level 3.7 Fire Magic


You couldn't memorise any spells.
You knew the following spells:

 Your Spells              Type           Power        Failure   Level  Hunger
a - Flame Tongue          Conj/Fire      #....        10%         1    #......
b - Throw Flame           Conj/Fire      #.....       12%         2    ###....
c - Inner Flame           Hex/Fire       #.......     34%         3    ###....


Dungeon Overview and Level Annotations

Branches:
Dungeon (2/15)

Altars:


Message History

Aiming: Inner Flame
Press: ? - help, Shift-Dir - straight line, f/p - adder
Aim: an adder (moderately wounded, chance to defeat MR: 60%)
The adder is filled with an inner flame.
The adder bites you.
You are poisoned.
The adder poisons you! The adder barely misses you. The bat closely misses you.
Casting: Inner Flame
Confirm with . or Enter, or press ? or * to list all spells.
Aiming: Flame Tongue
Press: ? - help, Shift-Dir - straight line, f/p - adder
Aim: an adder (moderately wounded, inner flame)
The flame tongue hits the adder.
The adder explodes!
The fiery explosion engulfs you!
Ouch! That really hurt!
* * * LOW HITPOINT WARNING * * *
You are engulfed in roaring flames.
Ouch! That really hurt!
You die...

............##..........
.........##....÷........
.....#########..........
###< #.......... #
#.......... #.........
##......... #b.........
##@######... .#######§.#
.# ....S..§§##
.#.............
......########. ......
..... ..... ....


You could see a bat.

Vanquished Creatures
  An adder (D:2)
  2 giant geckos (D:1)
  2 giant cockroaches
  2 goblins (D:1)
  8 hobgoblins
  6 jackals (D:1)
  3 bats (D:1)
  3 giant newts
  3 kobolds
  3 rats (D:1)
33 creatures vanquished.

Notes
Turn   | Place    | Note
--------------------------------------------------------------
     0 | D:1      | tof the Human Fire Elementalist began the quest for the Orb.
     0 | D:1      | Reached XP level 1. HP: 13/13 MP: 3/3
   258 | D:1      | Reached XP level 2. HP: 19/19 MP: 0/5
   263 | D:1      | Learned a level 2 spell: Throw Flame
   686 | D:1      | Reached XP level 3. HP: 20/24 MP: 0/6
  1303 | D:2      | Learned a level 3 spell: Inner Flame
  1330 | D:2      | Engulfed by a cloud of flame

Action                   || total
-------------------------++-------
Melee: Unarmed           ||    14
       Spear             ||    32
 Cast: Flame Tongue      ||    47
       Inner Flame       ||     1
  Eat: Chunk             ||     2
